 Dungeon Crawl Stone Soup version 0.19-a0-291-ga637243 (webtiles) character file.

7 wvc the Magician (level 1, 0/14 HPs)
             Began as a Demonspawn Wanderer on May 27, 2016.
             Slain by a hobgoblin
             ... wielding a +0 club
              (5 damage)
             ... on level 1 of the Dungeon.
             The game lasted 00:01:24 (843 turns).

wvc the Magician (Demonspawn Wanderer)               Turns: 843, Time: 00:01:25

Health: 0/14       AC:  2    Str: 11    XL:     1   Next: 91%
Magic:  5/5        EV: 11    Int: 14    God:
Gold:   32         SH:  0    Dex: 12    Spells: 0 memorised, 8 levels left

rFire  . . .     SeeInvis .     j - -1 short sword (curse)
rCold  . . .     Gourm    .     d - +0 robe
rNeg   . . .     Faith    +     (no shield)
rPois  .         Spirit   .     (no helmet)
rElec  .         Dismiss  .     (no cloak)
rCorr  .         Reflect  .     (no gloves)
SustAt .         Harm     .     (no boots)
MR     .....                    g - amulet of faith
Stlth  ++........               (no ring)
                                (no ring)

@: not resistant to hostile enchantments, unstealthy
A: no striking features
a: no special abilities


You were on level 1 of the Dungeon.
You were not hungry.

You visited 1 branch of the dungeon, and saw 1 of its levels.

You collected 32 gold pieces.

Inventory:

Hand Weapons
 j - a cursed -1 short sword (weapon)
Armour
 d - a +0 robe (worn)
Jewellery
 g - an amulet of faith (around neck)
Scrolls
 b - a scroll of teleportation
 i - a scroll of enchant armour
Books
 a - a book of Minor Magic

   Spells                             Type                      Level
   a - Magic Dart                     Conjuration                  1
   b - Blink                          Translocation                2
   c - Call Imp                       Summoning                    2
   d - Repel Missiles                 Charms/Air                   2
   e - Slow                           Hexes                        2
   f - Conjure Flame                  Conjuration/Fire             3
   g - Mephitic Cloud                 Conjuration/Poison/Air       3
 c - the Volume of Unholy Arts

   Spells                             Type                      Level
   a - Animate Skeleton               Necromancy                   1
   b - Vampiric Draining              Necromancy                   3
Comestibles
 f - a bread ration


   Skills:
 + Level 0.4 Fighting
 + Level 0.5 Short Blades
 + Level 1.0 Dodging
 - Level 1.0 Stealth
 - Level 4.0 Spellcasting
   Level 1.0 Charms
   Level 1.1 Necromancy
   Level 1.7 Fire Magic
   Level 1.0 Evocations


You had 8 spell levels left.
You didn't know any spells.

Dungeon Overview and Level Annotations

Branches:
Dungeon (1/15)

Altars:


Message History

The hobgoblin completely misses you.
You barely miss the hobgoblin. The bat closely misses you. The bat hits you.
The goblin barely misses you. The hobgoblin misses you.
You barely miss the bat.
The bat is severely wounded.
The bat hits you but does no damage. The goblin closely misses you.
The hobgoblin closely misses you. The goblin closely misses you.
The bat barely misses you. The hobgoblin barely misses you.
The bat barely misses you. The bat hits you but does no damage.
The bat closely misses you.
You closely miss the hobgoblin. The hobgoblin closely misses you.
You barely miss the hobgoblin. The hobgoblin completely misses you.
You hit the hobgoblin.
The hobgoblin is heavily wounded.
The hobgoblin hits you but does no damage.
You hit the hobgoblin.
The hobgoblin is almost dead.
The hobgoblin hits you with a club.
You die...

#.# #.#.# #.# #.#.#
#.# #.#.# #.####
#.#.# #....# ##.#.#
#.##.#######.#..#
#.##........###.#
#.##########.#.##
#....@gbg..##.##
##########.#...###.
#.......!.#
###...#####
##...... .......
#######


You could see a hobgoblin, a goblin and a bat.

Vanquished Creatures
  A giant gecko (D:1)
  2 hobgoblins (D:1)
  2 bats (D:1)
  A giant newt (D:1)
  A rat (D:1)
7 creatures vanquished.

Notes
Turn   | Place    | Note
--------------------------------------------------------------
     0 | D:1      | wvc the Demonspawn Wanderer began the quest for the Orb.
     0 | D:1      | wvc set off with: a book of Minor Magic, a scroll of teleportation, the Volume of Unholy Arts, a +0 robe, a +0 dagger, a bread ration
     0 | D:1      | Reached XP level 1. HP: 13/13 MP: 5/5
   202 | D:1      | Identified the Volume of Unholy Arts
   616 | D:1      | Reached skill level 1 in Dodging
   843 | D:1      | Slain by a hobgoblin

Vault maps used:
D:1:      wheals_arrival_linesprint, minmay_misc_feat_room

Skill      XL: |  1 |
---------------+----+-----
Dodging        | 1 |  1.0
Fighting       | |  0.4
Short Blades   | |  0.5
Stealth        | |  1.0
Spellcasting   | |  4.0
Charms         | |  1.0
Necromancy     | |  1.1
Fire Magic     | |  1.7
Evocations     | |  1.0

Action                   || total
-------------------------++-------
Melee: Dagger            ||    45
       Short sword       ||    10
  Use: Scroll            ||     1
Armor: Robe              ||    27
Dodge: Dodged            ||    62
